[ AOE2 MATCH · #478474719 ]
UnrankedSaracens vs Aztecs
[ REPLAY ANALYSIS · EXTRACTED FROM THE RECORDED GAME ]
Feudal
12:05
Castle
16:27
Imperial
38:45
| APM avg | 24.2 |
| APM peak | 63 |
| eAPM avg | 13.2 |
| Villagers / military | 131 / 40 |
Focus
⚔️ 24.1% · 🌾 75.9%
Camel Scout ×20 · Mameluke ×17 · Battering Ram ×2 · Monk ×1
Feudal
15:34
Castle
27:56
Imperial
34:28
| APM avg | 24.6 |
| APM peak | 69 |
| eAPM avg | 16.3 |
| Villagers / military | 97 / 177 |
Focus
⚔️ 38.5% · 🌾 61.5%
Knight ×101 · Spearman ×57 · Trade Cart ×22 · Leitis ×10 · Monk ×6 · Trebuchet (Packed) ×3
Feudal
10:22
Castle
18:16
Imperial
34:53
| APM avg | 20.2 |
| APM peak | 39 |
| eAPM avg | 14.6 |
| Villagers / military | 99 / 117 |
Focus
⚔️ 37.7% · 🌾 62.3%
Jaguar Warrior ×71 · Skirmisher ×14 · Monk ×11 · Spearman ×10 · Trade Cart ×8 · Battering Ram ×6
Feudal
10:49
Castle
17:51
Imperial
35:05
| APM avg | 30.1 |
| APM peak | 80 |
| eAPM avg | 20.4 |
| Villagers / military | 119 / 292 |
Focus
⚔️ 41.2% · 🌾 58.8%
Spearman ×244 · Plumed Archer ×25 · Scorpion ×18 · Trade Cart ×4 · Monk ×3 · Trebuchet (Packed) ×2
Feudal
10:34
Castle
13:59
Imperial
30:02
| APM avg | 38.9 |
| APM peak | 95 |
| eAPM avg | 26.2 |
| Villagers / military | 172 / 108 |
Focus
⚔️ 28.2% · 🌾 71.8%
Knight ×93 · Bombard Cannon ×12 · Monk ×2 · War Elephant ×1
Feudal
10:37
Castle
23:28
Imperial
37:16
| APM avg | 15.4 |
| APM peak | 40 |
| eAPM avg | 10.5 |
| Villagers / military | 103 / 156 |
Focus
⚔️ 29.5% · 🌾 70.5%
Spearman ×115 · Militia ×33 · Battering Ram ×6 · Mangonel ×1 · Scorpion ×1
Feudal
11:31
Castle
17:14
Imperial
31:06
| APM avg | 20.6 |
| APM peak | 41 |
| eAPM avg | 14.8 |
| Villagers / military | 127 / 156 |
Focus
⚔️ 38.2% · 🌾 61.8%
Knight ×85 · Spearman ×48 · Skirmisher ×15 · Scout Cavalry ×4 · Trebuchet (Packed) ×4
Feudal
9:25
Castle
16:31
Imperial
34:11
| APM avg | 29.9 |
| APM peak | 79 |
| eAPM avg | 14.2 |
| Villagers / military | 147 / 45 |
Focus
⚔️ 20.1% · 🌾 79.9%
Hand Cannoneer ×22 · Cataphract ×13 · Monk ×4 · Mangonel ×3 · Trebuchet (Packed) ×3
Match map
Initial resources + every placement click. Lines = walls · curves = elevation contours. ◆ gold · ⬟ stone · ● berries · ✦ relic · ◌ wall gap
Your base· ✓ Closed at 16:27 · 0t walls · 2 gate(s)
T.S | Mo's base· ✓ Closed at 27:56 · 72t walls · 4 gate(s)
jahlem's base· ✓ Closed at 18:16 · 0t walls · 3 gate(s)
ICI1090's base· ✓ Closed at 17:51 · 0t walls · 2 gate(s)
月がきれいですね's base· ✓ Closed at 13:59 · 0t walls · 3 gate(s)
alterg27's base· ✓ Closed at 23:28 · 0t walls · 3 gate(s)
罗添添's base· ✓ Closed at 17:14 · 0t walls · 2 gate(s)
忒瑞's base· ✓ Closed at 16:31 · 0t walls · 2 gate(s)
Smoothed initial terrain · ◌ = detected wall gap · hover for details
Inputs per minute
— 90_Archer - - T.S | Mo
Build order — 90_Archer
First 150 of 312 actions detected
| 0:03 | Build | House |
| 0:04 | Build | House |
| 0:24 | Create | Villager (Male) |
| 0:24 | Create | Villager (Male) |
| 0:24 | Create | Villager (Male) |
| 0:47 | Create | Villager (Male) |
| 0:48 | Create | Villager (Male) |
| 2:08 | Build | Lumber Camp |
| 2:09 | Create | Villager (Male) |
| 2:09 | Create | Villager (Male) |
| 2:10 | Create | Villager (Male) |
| 2:29 | Create | Villager (Male) |
| 2:30 | Create | Villager (Male) |
| 2:59 | Create | Villager (Male) |
| 2:59 | Create | Villager (Male) |
| 4:07 | Create | Villager (Male) |
| 4:07 | Create | Villager (Male) |
| 4:07 | Create | Villager (Male) |
| 4:38 | Build | House |
| 4:40 | Build | House |
| 4:50 | Create | Villager (Male) |
| 4:51 | Create | Villager (Male) |
| 5:07 | Build | Mill |
| 5:51 | Create | Villager (Male) |
| 5:52 | Create | Villager (Male) |
| 5:52 | Create | Villager (Male) |
| 6:03 | Build | House |
| 6:41 | Build | House |
| 7:01 | Create | Villager (Male) |
| 7:01 | Create | Villager (Male) |
| 7:01 | Create | Villager (Male) |
| 7:02 | Create | Villager (Male) |
| 7:12 | Create | Villager (Male) |
| 7:13 | Create | Villager (Male) |
| 7:17 | Build | House |
| 7:35 | Build | Mining Camp |
| 9:49 | Build | Mining Camp |
| 9:55 | Research | Feudal Age |
| 9:56 | Research | Feudal Age |
| 10:25 | Research | Loom |
| 10:29 | Build | Mill |
| 12:05 | Age | Feudal Age |
| 12:18 | Create | Villager (Male) |
| 12:18 | Create | Villager (Male) |
| 12:36 | Build | Market |
| 12:43 | Build | Blacksmith |
| 12:54 | Research | Loom |
| 13:36 | Research | Town Watch |
| 13:47 | Research | Castle Age |
| 13:52 | Research | Horse Collar |
| 13:52 | Research | Horse Collar |
| 14:44 | Build | Lumber Camp |
| 14:49 | Research | Double-Bit Axe |
| 14:50 | Research | Double-Bit Axe |
| 15:06 | Research | Stone Mining |
| 16:06 | Create | Villager (Male) |
| 16:06 | Create | Villager (Male) |
| 16:27 | Age | Castle Age |
| 16:34 | Build | Town Center |
| 17:05 | Create | Villager (Male) |
| 17:33 | Research | Fletching |
| 17:44 | Build | Town Center |
| 17:48 | Create | Villager (Male) |
| 17:48 | Create | Villager (Male) |
| 17:50 | Build | Farm |
| 18:58 | Build | Castle |
| 19:04 | Build | House |
| 19:06 | Build | House |
| 19:09 | Build | House |
| 20:04 | Create | Villager (Male) |
| 20:05 | Create | Villager (Male) |
| 20:09 | Build | Farm |
| 20:11 | Build | Farm |
| 20:27 | Build | Farm |
| 20:29 | Build | Farm |
| 20:32 | Build | Farm |
| 20:42 | Build | Farm |
| 20:48 | Build | Mining Camp |
| 20:58 | Build | Farm |
| 21:02 | Create | Villager (Male) |
| 21:02 | Create | Villager (Male) |
| 21:12 | Build | Farm |
| 21:17 | Build | Farm |
| 21:20 | Create | Villager (Male) |
| 21:20 | Create | Villager (Male) |
| 21:26 | Build | Farm |
| 21:50 | Build | Farm |
| 21:54 | Create | Villager (Male) |
| 21:55 | Create | Villager (Male) |
| 22:30 | Create | Mameluke |
| 22:30 | Create | Mameluke |
| 22:36 | Research | Gold Mining |
| 22:42 | Create | Villager (Male) |
| 22:42 | Create | Villager (Male) |
| 22:42 | Create | Villager (Male) |
| 22:51 | Build | Farm |
| 23:05 | Build | Castle |
| 23:10 | Create | Mameluke |
| 23:44 | Build | Farm |
| 23:46 | Build | Farm |
| 23:48 | Build | Farm |
| 23:51 | Create | Villager (Male) |
| 23:52 | Create | Villager (Male) |
| 23:52 | Create | Villager (Male) |
| 23:52 | Create | Villager (Male) |
| 23:52 | Create | Villager (Male) |
| 23:53 | Create | Villager (Male) |
| 24:10 | Create | Villager (Male) |
| 24:10 | Create | Villager (Male) |
| 24:18 | Create | Mameluke |
| 24:18 | Create | Mameluke |
| 24:29 | Build | Farm |
| 24:36 | Create | Villager (Male) |
| 24:37 | Create | Villager (Male) |
| 24:46 | Create | Villager (Male) |
| 24:47 | Create | Villager (Male) |
| 24:47 | Create | Villager (Male) |
| 25:14 | Build | Siege Workshop |
| 25:17 | Create | Villager (Male) |
| 25:18 | Create | Villager (Male) |
| 25:18 | Create | Villager (Male) |
| 25:18 | Create | Villager (Male) |
| 25:29 | Build | Farm |
| 25:31 | Build | Farm |
| 25:35 | Create | Villager (Male) |
| 25:35 | Create | Villager (Male) |
| 25:43 | Create | Villager (Male) |
| 25:43 | Create | Villager (Male) |
| 26:10 | Build | Monastery |
| 26:26 | Create | Villager (Male) |
| 26:26 | Create | Villager (Male) |
| 26:27 | Create | Villager (Male) |
| 26:27 | Create | Villager (Male) |
| 26:27 | Create | Villager (Male) |
| 26:27 | Create | Villager (Male) |
| 26:28 | Create | Villager (Male) |
| 27:21 | Create | Villager (Male) |
| 27:21 | Create | Villager (Male) |
| 27:22 | Create | Villager (Male) |
| 27:22 | Create | Villager (Male) |
| 27:22 | Create | Villager (Male) |
| 27:22 | Create | Villager (Male) |
| 27:40 | Build | Town Center |
| 28:01 | Create | Villager (Male) |
| 28:02 | Create | Villager (Male) |
| 28:02 | Create | Villager (Male) |
| 28:02 | Create | Villager (Male) |
| 28:03 | Create | Villager (Male) |
| 28:26 | Create | Villager (Male) |
| 28:26 | Create | Villager (Male) |
Build order — T.S | Mo
First 150 of 462 actions detected
| 0:01 | Create | Villager (Male) |
| 0:01 | Create | Villager (Male) |
| 0:01 | Create | Villager (Male) |
| 0:02 | Create | Villager (Male) |
| 0:02 | Build | House |
| 0:17 | Create | Villager (Male) |
| 0:17 | Create | Villager (Male) |
| 0:17 | Create | Villager (Male) |
| 1:18 | Build | Mill |
| 1:33 | Build | Mill |
| 2:18 | Build | House |
| 2:18 | Build | House |
| 2:19 | Build | House |
| 2:21 | Build | House |
| 2:26 | Research | Loom |
| 2:55 | Create | Villager (Male) |
| 3:03 | Build | House |
| 3:04 | Build | House |
| 3:05 | Build | House |
| 3:34 | Create | Villager (Male) |
| 3:43 | Build | House |
| 4:12 | Create | Villager (Male) |
| 4:12 | Create | Villager (Male) |
| 4:34 | Create | Villager (Male) |
| 5:04 | Create | Villager (Male) |
| 5:05 | Create | Villager (Male) |
| 5:41 | Create | Villager (Male) |
| 6:07 | Create | Villager (Male) |
| 6:08 | Create | Villager (Male) |
| 6:25 | Create | Villager (Male) |
| 6:25 | Create | Villager (Male) |
| 6:32 | Create | Villager (Male) |
| 6:32 | Create | Villager (Male) |
| 7:14 | Create | Villager (Male) |
| 7:14 | Create | Villager (Male) |
| 7:14 | Create | Villager (Male) |
| 7:29 | Create | Villager (Male) |
| 7:50 | Build | Mill |
| 8:28 | Create | Villager (Male) |
| 8:28 | Create | Villager (Male) |
| 8:29 | Create | Villager (Male) |
| 8:29 | Create | Villager (Male) |
| 8:29 | Create | Villager (Male) |
| 9:04 | Build | Mining Camp |
| 9:07 | Create | Villager (Male) |
| 9:08 | Create | Villager (Male) |
| 9:08 | Create | Villager (Male) |
| 9:26 | Create | Villager (Male) |
| 9:26 | Create | Villager (Male) |
| 9:33 | Create | Villager (Male) |
| 9:54 | Create | Villager (Male) |
| 9:54 | Create | Villager (Male) |
| 10:21 | Build | Lumber Camp |
| 11:03 | Build | Mining Camp |
| 11:24 | Create | Villager (Male) |
| 11:24 | Create | Villager (Male) |
| 11:24 | Create | Villager (Male) |
| 11:24 | Create | Villager (Male) |
| 11:57 | Create | Villager (Male) |
| 11:57 | Create | Villager (Male) |
| 11:57 | Create | Villager (Male) |
| 13:05 | Research | Feudal Age |
| 14:14 | Build | House |
| 14:15 | Build | House |
| 14:19 | Build | House |
| 14:26 | Build | House |
| 14:28 | Build | House |
| 14:29 | Build | House |
| 14:33 | Build | House |
| 14:34 | Build | House |
| 15:34 | Age | Feudal Age |
| 15:36 | Research | Horse Collar |
| 15:37 | Research | Double-Bit Axe |
| 15:39 | Research | Stone Mining |
| 15:39 | Research | Gold Mining |
| 15:41 | Create | Villager (Male) |
| 15:41 | Create | Villager (Male) |
| 15:41 | Create | Villager (Male) |
| 15:42 | Create | Villager (Male) |
| 16:20 | Create | Villager (Male) |
| 16:20 | Create | Villager (Male) |
| 16:37 | Build | Market |
| 16:42 | Build | Market |
| 16:46 | Create | Villager (Male) |
| 16:46 | Create | Villager (Male) |
| 17:24 | Build | Stone Wall |
| 17:26 | Build | Stone Wall |
| 17:32 | Create | Villager (Male) |
| 17:33 | Create | Villager (Male) |
| 17:33 | Create | Villager (Male) |
| 17:33 | Create | Villager (Male) |
| 18:33 | Build | Lumber Camp |
| 18:45 | Create | Villager (Male) |
| 18:45 | Create | Villager (Male) |
| 18:46 | Create | Villager (Male) |
| 18:46 | Create | Villager (Male) |
| 18:51 | Build | Farm |
| 18:53 | Build | Farm |
| 18:53 | Build | Farm |
| 18:55 | Build | Farm |
| 18:56 | Build | Farm |
| 18:57 | Build | Farm |
| 18:57 | Build | Farm |
| 18:58 | Build | Farm |
| 18:59 | Build | Farm |
| 19:01 | Build | Farm |
| 19:02 | Build | Farm |
| 19:03 | Build | Farm |
| 19:04 | Build | Farm |
| 19:05 | Build | Farm |
| 19:10 | Build | Farm |
| 19:12 | Build | Farm |
| 19:41 | Build | Blacksmith |
| 20:12 | Create | Villager (Male) |
| 20:12 | Create | Villager (Male) |
| 20:12 | Create | Villager (Male) |
| 20:27 | Build | Farm |
| 20:27 | Build | Farm |
| 20:32 | Create | Villager (Male) |
| 20:32 | Create | Villager (Male) |
| 20:32 | Create | Villager (Male) |
| 20:33 | Create | Villager (Male) |
| 20:43 | Build | House |
| 20:44 | Build | House |
| 20:44 | Build | House |
| 20:45 | Build | House |
| 20:53 | Create | Trade Cart |
| 20:53 | Create | Trade Cart |
| 20:55 | Create | Trade Cart |
| 20:55 | Create | Trade Cart |
| 21:30 | Build | Gate |
| 21:38 | Build | Farm |
| 21:40 | Create | Villager (Male) |
| 21:40 | Create | Villager (Male) |
| 21:43 | Create | Trade Cart |
| 21:43 | Create | Trade Cart |
| 22:13 | Build | House |
| 22:16 | Build | House |
| 22:52 | Create | Trade Cart |
| 22:52 | Create | Trade Cart |
| 22:59 | Build | Farm |
| 23:28 | Build | House |
| 23:43 | Create | Trade Cart |
| 23:43 | Create | Trade Cart |
| 23:44 | Create | Trade Cart |
| 23:44 | Create | Trade Cart |
| 23:45 | Create | Trade Cart |
| 23:45 | Create | Trade Cart |
| 24:03 | Build | Mining Camp |
| 24:16 | Build | Farm |
Build order — jahlem
First 150 of 360 actions detected
| 0:03 | Build | House |
| 0:05 | Build | House |
| 0:06 | Research | Loom |
| 0:34 | Create | Villager (Male) |
| 0:34 | Create | Villager (Male) |
| 0:35 | Create | Villager (Male) |
| 1:15 | Create | Villager (Male) |
| 1:52 | Create | Villager (Male) |
| 2:01 | Build | Lumber Camp |
| 2:39 | Create | Villager (Male) |
| 2:50 | Create | Villager (Male) |
| 3:16 | Build | House |
| 3:21 | Build | House |
| 3:27 | Create | Villager (Male) |
| 3:51 | Create | Villager (Male) |
| 4:11 | Create | Villager (Male) |
| 4:18 | Create | Villager (Male) |
| 4:45 | Create | Villager (Male) |
| 4:55 | Create | Villager (Male) |
| 5:22 | Build | Mill |
| 5:54 | Create | Villager (Male) |
| 6:15 | Create | Villager (Male) |
| 6:28 | Create | Villager (Male) |
| 7:22 | Create | Villager (Male) |
| 7:45 | Create | Villager (Male) |
| 8:09 | Research | Feudal Age |
| 8:21 | Create | Villager (Male) |
| 8:44 | Build | House |
| 8:45 | Build | House |
| 10:22 | Age | Feudal Age |
| 10:23 | Research | Double-Bit Axe |
| 10:23 | Research | Double-Bit Axe |
| 10:24 | Research | Horse Collar |
| 10:32 | Build | Market |
| 10:38 | Build | Blacksmith |
| 10:39 | Build | House |
| 10:41 | Create | Villager (Male) |
| 10:55 | Build | Farm |
| 11:01 | Build | Farm |
| 11:04 | Create | Villager (Male) |
| 11:28 | Build | Farm |
| 11:45 | Create | Villager (Male) |
| 11:48 | Build | Farm |
| 12:01 | Create | Villager (Male) |
| 12:30 | Create | Villager (Male) |
| 12:36 | Build | Mining Camp |
| 12:39 | Create | Villager (Male) |
| 12:44 | Build | Farm |
| 12:45 | Create | Villager (Male) |
| 13:10 | Build | Farm |
| 13:27 | Create | Villager (Male) |
| 13:30 | Build | Farm |
| 13:43 | Build | Farm |
| 13:55 | Create | Villager (Male) |
| 14:26 | Create | Villager (Male) |
| 14:34 | Build | Mining Camp |
| 14:36 | Create | Villager (Male) |
| 14:51 | Build | Farm |
| 15:18 | Build | Farm |
| 15:36 | Research | Castle Age |
| 15:57 | Build | Barracks |
| 16:08 | Research | Scale Mail Armor |
| 16:28 | Create | Villager (Male) |
| 16:51 | Research | Forging |
| 17:01 | Build | Farm |
| 17:10 | Create | Villager (Male) |
| 17:13 | Build | Farm |
| 17:40 | Create | Villager (Male) |
| 18:06 | Research | Man-at-Arms (upgrade) |
| 18:06 | Create | Militia |
| 18:16 | Age | Castle Age |
| 18:24 | Build | Town Center |
| 18:38 | Research | Squires |
| 18:39 | Research | Gambesons |
| 18:50 | Research | Long Swordsman (upgrade) |
| 19:22 | Create | Villager (Male) |
| 19:22 | Create | Villager (Male) |
| 19:23 | Create | Villager (Male) |
| 19:41 | Create | Villager (Male) |
| 19:41 | Create | Villager (Male) |
| 19:45 | Build | Farm |
| 20:18 | Research | Bow Saw |
| 20:38 | Build | Monastery |
| 20:40 | Create | Villager (Male) |
| 20:44 | Create | Villager (Male) |
| 20:56 | Build | House |
| 20:57 | Build | House |
| 21:02 | Create | Monk |
| 21:19 | Create | Villager (Male) |
| 21:20 | Create | Villager (Male) |
| 21:37 | Research | Sanctity |
| 21:39 | Research | Redemption |
| 21:52 | Create | Villager (Male) |
| 21:53 | Create | Villager (Male) |
| 21:56 | Build | Farm |
| 21:58 | Build | Farm |
| 22:11 | Research | Heavy Plow |
| 22:19 | Create | Villager (Male) |
| 22:24 | Create | Villager (Male) |
| 22:46 | Create | Villager (Male) |
| 22:47 | Create | Villager (Male) |
| 22:52 | Create | Villager (Male) |
| 22:58 | Build | Farm |
| 23:38 | Create | Villager (Male) |
| 23:38 | Create | Villager (Male) |
| 23:48 | Build | Castle |
| 23:53 | Create | Villager (Male) |
| 23:54 | Create | Villager (Male) |
| 23:56 | Create | Monk |
| 23:58 | Build | House |
| 24:14 | Build | House |
| 24:16 | Build | Palisade Wall |
| 24:22 | Build | Palisade Wall |
| 24:23 | Build | Palisade Gate |
| 24:28 | Create | Villager (Male) |
| 24:40 | Create | Monk |
| 25:01 | Create | Monk |
| 25:05 | Create | Villager (Male) |
| 25:06 | Create | Villager (Male) |
| 25:11 | Build | Siege Workshop |
| 25:16 | Build | House |
| 25:35 | Build | House |
| 25:38 | Build | House |
| 25:56 | Create | Villager (Male) |
| 25:56 | Create | Villager (Male) |
| 25:59 | Build | Farm |
| 26:12 | Research | Fervor |
| 26:16 | Create | Villager (Male) |
| 26:21 | Build | Farm |
| 26:22 | Create | Villager (Male) |
| 26:22 | Create | Villager (Male) |
| 26:30 | Build | Farm |
| 26:33 | Build | Farm |
| 26:35 | Create | Villager (Male) |
| 26:36 | Create | Villager (Male) |
| 26:56 | Build | Palisade Wall |
| 27:00 | Create | Villager (Male) |
| 27:14 | Create | Villager (Male) |
| 27:17 | Create | Jaguar Warrior |
| 27:17 | Create | Jaguar Warrior |
| 27:23 | Create | Jaguar Warrior |
| 27:25 | Create | Jaguar Warrior |
| 27:26 | Create | Villager (Male) |
| 27:27 | Create | Villager (Male) |
| 27:33 | Build | Farm |
| 27:34 | Build | Farm |
| 27:35 | Build | Farm |
| 27:36 | Build | Farm |
| 27:38 | Create | Monk |
| 28:06 | Create | Battering Ram |
Build order — ICI1090
First 150 of 541 actions detected
| 0:04 | Build | House |
| 0:06 | Build | House |
| 0:11 | Create | Villager (Male) |
| 0:11 | Create | Villager (Male) |
| 0:11 | Create | Villager (Male) |
| 0:11 | Create | Villager (Male) |
| 0:11 | Create | Villager (Male) |
| 1:25 | Create | Villager (Male) |
| 1:25 | Create | Villager (Male) |
| 1:58 | Create | Villager (Male) |
| 1:58 | Create | Villager (Male) |
| 1:58 | Create | Villager (Male) |
| 2:26 | Create | Villager (Male) |
| 2:26 | Create | Villager (Male) |
| 2:26 | Create | Villager (Male) |
| 2:56 | Create | Villager (Male) |
| 2:56 | Create | Villager (Male) |
| 2:56 | Create | Villager (Male) |
| 3:03 | Build | House |
| 3:04 | Build | House |
| 3:22 | Research | Loom |
| 3:24 | Create | Villager (Male) |
| 3:24 | Create | Villager (Male) |
| 3:24 | Create | Villager (Male) |
| 3:53 | Create | Villager (Male) |
| 3:54 | Create | Villager (Male) |
| 4:09 | Create | Villager (Male) |
| 4:10 | Create | Villager (Male) |
| 4:10 | Create | Villager (Male) |
| 4:43 | Build | Mill |
| 4:54 | Create | Villager (Male) |
| 5:03 | Create | Villager (Male) |
| 5:22 | Create | Villager (Male) |
| 5:22 | Create | Villager (Male) |
| 5:57 | Create | Villager (Male) |
| 6:43 | Create | Villager (Male) |
| 6:51 | Build | Lumber Camp |
| 7:29 | Create | Villager (Male) |
| 7:29 | Create | Villager (Male) |
| 7:48 | Build | House |
| 7:50 | Build | House |
| 8:39 | Research | Feudal Age |
| 10:35 | Build | Farm |
| 10:36 | Build | Farm |
| 10:49 | Age | Feudal Age |
| 10:58 | Create | Villager (Male) |
| 10:58 | Create | Villager (Male) |
| 10:58 | Create | Villager (Male) |
| 10:59 | Create | Villager (Male) |
| 11:26 | Build | Farm |
| 11:29 | Build | Farm |
| 11:40 | Build | Mining Camp |
| 11:43 | Build | Farm |
| 11:48 | Build | Market |
| 11:49 | Build | Blacksmith |
| 12:24 | Build | Farm |
| 12:26 | Build | Farm |
| 12:35 | Build | Lumber Camp |
| 12:40 | Create | Villager (Male) |
| 12:41 | Create | Villager (Male) |
| 12:41 | Create | Villager (Male) |
| 13:56 | Create | Villager (Male) |
| 13:56 | Create | Villager (Male) |
| 13:57 | Create | Villager (Male) |
| 14:26 | Build | Mining Camp |
| 14:31 | Build | Farm |
| 14:34 | Build | Farm |
| 14:37 | Build | House |
| 14:38 | Build | House |
| 14:57 | Research | Castle Age |
| 16:33 | Build | Barracks |
| 17:51 | Age | Castle Age |
| 17:54 | Build | Town Center |
| 17:55 | Create | Villager (Male) |
| 17:55 | Create | Villager (Male) |
| 17:55 | Create | Villager (Male) |
| 17:56 | Create | Villager (Male) |
| 18:04 | Build | Town Center |
| 18:12 | Build | Farm |
| 18:31 | Build | Farm |
| 18:45 | Research | Double-Bit Axe |
| 18:45 | Research | Double-Bit Axe |
| 19:09 | Create | Villager (Male) |
| 19:10 | Create | Villager (Male) |
| 19:10 | Create | Villager (Male) |
| 19:13 | Create | Villager (Male) |
| 19:13 | Create | Villager (Male) |
| 19:13 | Create | Villager (Male) |
| 19:18 | Research | Horse Collar |
| 19:28 | Create | Villager (Male) |
| 19:28 | Create | Villager (Male) |
| 19:29 | Create | Villager (Male) |
| 19:29 | Create | Villager (Male) |
| 19:29 | Create | Villager (Male) |
| 19:29 | Create | Villager (Male) |
| 19:30 | Create | Villager (Male) |
| 19:30 | Create | Villager (Male) |
| 19:30 | Create | Villager (Male) |
| 19:52 | Build | Farm |
| 19:59 | Build | Farm |
| 20:05 | Create | Villager (Male) |
| 20:05 | Create | Villager (Male) |
| 20:05 | Create | Villager (Male) |
| 20:06 | Create | Villager (Male) |
| 20:07 | Create | Villager (Male) |
| 20:07 | Create | Villager (Male) |
| 20:16 | Build | House |
| 20:19 | Build | House |
| 20:20 | Build | House |
| 20:50 | Create | Villager (Male) |
| 20:50 | Create | Villager (Male) |
| 20:59 | Build | Farm |
| 21:01 | Build | Farm |
| 21:07 | Build | Farm |
| 21:09 | Build | Farm |
| 21:12 | Build | Farm |
| 21:16 | Build | Farm |
| 21:18 | Create | Villager (Male) |
| 21:18 | Create | Villager (Male) |
| 21:19 | Create | Villager (Male) |
| 21:19 | Create | Villager (Male) |
| 21:19 | Create | Villager (Male) |
| 21:19 | Create | Villager (Male) |
| 21:20 | Create | Villager (Male) |
| 21:20 | Create | Villager (Male) |
| 21:43 | Build | Farm |
| 21:49 | Build | Farm |
| 21:56 | Build | Farm |
| 22:49 | Build | Farm |
| 23:08 | Create | Villager (Male) |
| 23:09 | Create | Villager (Male) |
| 23:09 | Create | Villager (Male) |
| 23:09 | Create | Villager (Male) |
| 23:09 | Create | Villager (Male) |
| 23:09 | Create | Villager (Male) |
| 23:10 | Create | Villager (Male) |
| 23:10 | Create | Villager (Male) |
| 23:10 | Create | Villager (Male) |
| 23:20 | Create | Villager (Male) |
| 23:20 | Create | Villager (Male) |
| 23:20 | Create | Villager (Male) |
| 23:20 | Create | Villager (Male) |
| 23:21 | Create | Villager (Male) |
| 23:21 | Create | Villager (Male) |
| 23:56 | Build | Castle |
| 24:07 | Build | House |
| 24:08 | Build | House |
| 24:09 | Build | House |
| 24:10 | Build | House |
| 24:29 | Create | Trade Cart |
Build order — 月がきれいですね
First 150 of 476 actions detected
| 0:03 | Create | Villager (Male) |
| 0:03 | Create | Villager (Male) |
| 0:03 | Create | Villager (Male) |
| 0:07 | Build | House |
| 0:09 | Build | House |
| 0:41 | Create | Villager (Male) |
| 0:42 | Create | Villager (Male) |
| 0:42 | Create | Villager (Male) |
| 1:46 | Build | Lumber Camp |
| 1:53 | Create | Villager (Male) |
| 1:53 | Create | Villager (Male) |
| 2:23 | Create | Villager (Male) |
| 2:24 | Create | Villager (Male) |
| 2:24 | Create | Villager (Male) |
| 3:18 | Build | House |
| 3:24 | Create | Villager (Male) |
| 3:25 | Create | Villager (Male) |
| 3:25 | Create | Villager (Male) |
| 4:14 | Build | Mill |
| 4:16 | Create | Villager (Male) |
| 4:16 | Create | Villager (Male) |
| 5:04 | Build | House |
| 5:15 | Create | Villager (Male) |
| 5:26 | Build | House |
| 5:32 | Create | Villager (Male) |
| 5:33 | Create | Villager (Male) |
| 5:33 | Create | Villager (Male) |
| 5:33 | Create | Villager (Male) |
| 6:46 | Create | Villager (Male) |
| 7:13 | Create | Villager (Male) |
| 7:36 | Create | Villager (Male) |
| 7:37 | Create | Villager (Male) |
| 8:12 | Build | Mining Camp |
| 8:30 | Research | Feudal Age |
| 8:30 | Research | Feudal Age |
| 9:20 | Create | Villager (Male) |
| 9:20 | Create | Villager (Male) |
| 10:34 | Age | Feudal Age |
| 10:36 | Build | Blacksmith |
| 10:38 | Build | Market |
| 11:01 | Build | Farm |
| 11:23 | Build | Farm |
| 11:34 | Research | Castle Age |
| 11:34 | Research | Castle Age |
| 12:20 | Build | Farm |
| 12:24 | Build | Farm |
| 12:27 | Build | Farm |
| 12:31 | Research | Double-Bit Axe |
| 12:33 | Research | Horse Collar |
| 12:44 | Build | Farm |
| 12:56 | Build | House |
| 13:59 | Age | Castle Age |
| 14:02 | Research | Wheelbarrow |
| 14:08 | Build | Town Center |
| 14:23 | Build | Town Center |
| 15:14 | Build | Farm |
| 15:18 | Build | Farm |
| 15:19 | Create | Villager (Male) |
| 15:33 | Create | Villager (Male) |
| 15:33 | Create | Villager (Male) |
| 15:38 | Build | Farm |
| 15:45 | Research | Bow Saw |
| 16:08 | Create | Villager (Male) |
| 16:09 | Create | Villager (Male) |
| 16:25 | Build | Farm |
| 16:34 | Build | Farm |
| 16:34 | Create | Villager (Male) |
| 16:35 | Create | Villager (Male) |
| 16:35 | Create | Villager (Male) |
| 16:41 | Build | Farm |
| 16:48 | Build | Farm |
| 16:49 | Create | Villager (Male) |
| 16:50 | Create | Villager (Male) |
| 17:00 | Build | Farm |
| 17:02 | Build | Farm |
| 17:03 | Create | Villager (Male) |
| 17:03 | Create | Villager (Male) |
| 17:03 | Create | Villager (Male) |
| 17:19 | Build | Farm |
| 17:24 | Create | Villager (Male) |
| 17:24 | Create | Villager (Male) |
| 17:24 | Create | Villager (Male) |
| 17:28 | Build | Farm |
| 17:36 | Create | Villager (Male) |
| 17:36 | Create | Villager (Male) |
| 17:45 | Build | Farm |
| 17:48 | Create | Villager (Male) |
| 17:48 | Create | Villager (Male) |
| 17:52 | Build | House |
| 17:55 | Create | Villager (Male) |
| 17:55 | Create | Villager (Male) |
| 18:03 | Create | Villager (Male) |
| 18:03 | Create | Villager (Male) |
| 18:08 | Build | Farm |
| 18:09 | Create | Villager (Male) |
| 18:09 | Create | Villager (Male) |
| 18:15 | Build | Farm |
| 18:17 | Create | Villager (Male) |
| 18:17 | Create | Villager (Male) |
| 18:26 | Build | House |
| 18:27 | Build | House |
| 18:29 | Create | Villager (Male) |
| 18:29 | Create | Villager (Male) |
| 18:32 | Build | Farm |
| 18:33 | Create | Villager (Male) |
| 18:34 | Create | Villager (Male) |
| 18:37 | Create | Villager (Male) |
| 18:37 | Create | Villager (Male) |
| 18:41 | Build | Farm |
| 18:49 | Create | Villager (Male) |
| 18:49 | Create | Villager (Male) |
| 18:52 | Create | Villager (Male) |
| 18:53 | Create | Villager (Male) |
| 18:58 | Build | Farm |
| 19:04 | Build | Farm |
| 19:08 | Create | Villager (Male) |
| 19:08 | Create | Villager (Male) |
| 19:09 | Create | Villager (Male) |
| 19:09 | Create | Villager (Male) |
| 19:14 | Create | Villager (Male) |
| 19:15 | Create | Villager (Male) |
| 19:22 | Create | Villager (Male) |
| 19:30 | Build | Monastery |
| 19:32 | Build | Farm |
| 19:33 | Create | Villager (Male) |
| 19:33 | Create | Villager (Male) |
| 19:45 | Build | Farm |
| 19:46 | Create | Villager (Male) |
| 19:46 | Create | Villager (Male) |
| 19:46 | Create | Villager (Male) |
| 19:46 | Create | Villager (Male) |
| 19:57 | Build | Farm |
| 19:58 | Create | Villager (Male) |
| 19:59 | Create | Villager (Male) |
| 19:59 | Create | Villager (Male) |
| 19:59 | Create | Villager (Male) |
| 20:10 | Create | Villager (Male) |
| 20:10 | Create | Villager (Male) |
| 20:19 | Build | Farm |
| 20:20 | Create | Monk |
| 20:22 | Build | Farm |
| 20:25 | Build | Farm |
| 20:26 | Create | Villager (Male) |
| 20:26 | Create | Villager (Male) |
| 20:26 | Create | Villager (Male) |
| 20:26 | Create | Villager (Male) |
| 20:34 | Build | House |
| 20:35 | Build | House |
| 20:36 | Build | House |
| 20:40 | Research | Loom |
Build order — alterg27
First 150 of 264 actions detected
| 0:01 | Create | Villager (Male) |
| 0:01 | Create | Villager (Male) |
| 0:03 | Build | House |
| 0:27 | Create | Villager (Male) |
| 0:28 | Create | Villager (Male) |
| 1:32 | Build | House |
| 1:40 | Create | Villager (Male) |
| 2:29 | Create | Villager (Male) |
| 2:30 | Create | Villager (Male) |
| 3:10 | Create | Villager (Male) |
| 3:34 | Create | Villager (Male) |
| 4:05 | Create | Villager (Male) |
| 4:06 | Create | Villager (Male) |
| 4:47 | Build | House |
| 4:58 | Create | Villager (Male) |
| 5:00 | Research | Loom |
| 5:18 | Create | Villager (Male) |
| 5:31 | Build | Lumber Camp |
| 5:35 | Create | Villager (Male) |
| 6:20 | Create | Villager (Male) |
| 6:22 | Create | Villager (Male) |
| 6:28 | Build | Mill |
| 6:54 | Build | House |
| 7:00 | Create | Villager (Male) |
| 7:09 | Create | Villager (Male) |
| 8:02 | Create | Villager (Male) |
| 8:20 | Research | Feudal Age |
| 8:54 | Build | Farm |
| 8:54 | Build | Farm |
| 8:55 | Build | Farm |
| 8:55 | Build | Farm |
| 9:34 | Build | Farm |
| 9:48 | Build | Mining Camp |
| 10:01 | Build | Farm |
| 10:23 | Build | Farm |
| 10:26 | Create | Villager (Male) |
| 10:37 | Age | Feudal Age |
| 10:46 | Create | Villager (Male) |
| 10:55 | Build | Farm |
| 10:59 | Create | Villager (Male) |
| 11:16 | Build | House |
| 11:54 | Build | Barracks |
| 11:56 | Create | Villager (Male) |
| 12:29 | Create | Villager (Male) |
| 12:32 | Create | Villager (Male) |
| 12:48 | Build | Farm |
| 12:58 | Create | Militia |
| 12:59 | Create | Militia |
| 13:00 | Create | Militia |
| 13:10 | Create | Villager (Male) ×5 |
| 13:19 | Build | Barracks |
| 13:30 | Build | Farm |
| 13:38 | Create | Villager (Male) |
| 14:07 | Build | Market |
| 14:16 | Create | Militia |
| 14:16 | Create | Militia |
| 14:18 | Create | Militia |
| 14:20 | Create | Militia |
| 14:24 | Create | Spearman |
| 14:25 | Create | Spearman |
| 14:40 | Build | Farm |
| 14:46 | Build | Farm |
| 15:00 | Build | Farm |
| 15:02 | Build | House |
| 15:07 | Build | House |
| 15:20 | Research | Wheelbarrow |
| 15:44 | Research | Man-at-Arms (upgrade) |
| 16:05 | Build | Blacksmith |
| 16:49 | Build | Mining Camp |
| 16:52 | Research | Forging |
| 16:54 | Create | Villager (Male) |
| 16:55 | Create | Villager (Male) |
| 16:56 | Create | Villager (Male) |
| 16:56 | Create | Villager (Male) |
| 16:57 | Create | Villager (Male) |
| 17:06 | Build | Farm |
| 17:30 | Build | Farm |
| 17:30 | Build | Farm |
| 17:46 | Research | Scale Mail Armor |
| 17:51 | Research | Double-Bit Axe |
| 18:01 | Create | Villager (Male) |
| 18:10 | Build | Farm |
| 18:23 | Research | Horse Collar |
| 18:24 | Research | Horse Collar |
| 19:18 | Build | Mill |
| 19:33 | Create | Villager (Male) |
| 19:34 | Create | Villager (Male) |
| 20:15 | Build | Farm |
| 20:23 | Create | Villager (Male) |
| 20:45 | Research | Castle Age |
| 21:19 | Research | Stone Mining |
| 21:22 | Research | Gold Mining |
| 22:08 | Create | Militia ×5 |
| 22:12 | Create | Militia ×5 |
| 22:43 | Build | House |
| 22:52 | Research | Town Watch |
| 23:28 | Age | Castle Age |
| 23:35 | Research | Iron Casting |
| 23:42 | Build | Town Center |
| 23:52 | Build | Town Center |
| 24:02 | Build | Siege Workshop |
| 24:15 | Research | Long Swordsman (upgrade) |
| 25:21 | Create | Villager (Male) ×5 |
| 25:24 | Create | Villager (Male) ×5 |
| 25:24 | Create | Villager (Male) ×5 |
| 25:32 | Create | Battering Ram |
| 26:04 | Create | Villager (Male) |
| 26:05 | Create | Villager (Male) |
| 26:05 | Create | Villager (Male) |
| 26:05 | Create | Villager (Male) |
| 26:06 | Create | Villager (Male) |
| 26:31 | Create | Battering Ram |
| 26:41 | Research | Chain Mail Armor |
| 26:44 | Create | Militia ×3 |
| 26:56 | Build | Barracks |
| 27:00 | Build | Siege Workshop |
| 27:05 | Build | Barracks |
| 27:07 | Build | Barracks |
| 27:24 | Build | University |
| 27:34 | Build | Barracks |
| 27:41 | Build | House |
| 27:44 | Build | House |
| 27:47 | Build | House |
| 28:14 | Build | Farm |
| 28:14 | Build | Farm |
| 28:15 | Build | Farm |
| 28:16 | Create | Villager (Male) |
| 28:17 | Create | Villager (Male) |
| 28:17 | Create | Villager (Male) |
| 28:17 | Create | Villager (Male) |
| 28:18 | Create | Villager (Male) |
| 28:18 | Create | Villager (Male) |
| 28:18 | Create | Villager (Male) |
| 28:19 | Create | Villager (Male) |
| 28:19 | Create | Villager (Male) |
| 28:19 | Create | Villager (Male) |
| 28:26 | Build | Farm |
| 28:27 | Build | Farm |
| 28:27 | Build | Farm |
| 28:27 | Build | Farm |
| 28:28 | Build | Farm |
| 28:28 | Build | Farm |
| 28:42 | Build | Farm |
| 28:47 | Build | Farm |
| 29:05 | Create | Scorpion |
| 29:10 | Research | Squires |
| 29:15 | Create | Spearman ×3 |
| 29:24 | Build | Farm |
| 29:26 | Build | Farm |
| 29:28 | Create | Villager (Male) |
Build order — 罗添添
First 150 of 435 actions detected
| 0:03 | Create | Villager (Male) |
| 0:03 | Create | Villager (Male) |
| 0:03 | Create | Villager (Male) |
| 0:03 | Create | Villager (Male) |
| 0:04 | Create | Villager (Male) |
| 0:08 | Build | House |
| 0:09 | Build | House |
| 0:15 | Build | House |
| 0:15 | Build | House |
| 0:16 | Build | House |
| 0:40 | Build | Mill |
| 1:29 | Research | Loom |
| 2:04 | Create | Villager (Male) |
| 2:04 | Create | Villager (Male) |
| 2:26 | Create | Villager (Male) |
| 2:27 | Create | Villager (Male) |
| 3:00 | Create | Villager (Male) |
| 3:00 | Create | Villager (Male) |
| 3:24 | Create | Villager (Male) |
| 3:25 | Create | Villager (Male) |
| 3:25 | Create | Villager (Male) |
| 4:00 | Create | Villager (Male) |
| 4:00 | Create | Villager (Male) |
| 4:48 | Create | Villager (Male) |
| 4:48 | Create | Villager (Male) |
| 4:48 | Create | Villager (Male) |
| 4:48 | Create | Villager (Male) |
| 4:49 | Create | Villager (Male) |
| 5:38 | Build | Lumber Camp |
| 5:45 | Create | Villager (Male) |
| 5:46 | Create | Villager (Male) |
| 5:46 | Create | Villager (Male) |
| 6:25 | Create | Villager (Male) |
| 6:25 | Create | Villager (Male) |
| 6:25 | Create | Villager (Male) |
| 7:50 | Create | Villager (Male) |
| 8:14 | Build | Mining Camp |
| 8:20 | Create | Villager (Male) |
| 9:21 | Research | Feudal Age |
| 10:05 | Build | Mill |
| 10:18 | Build | House |
| 10:19 | Build | House |
| 11:21 | Build | Mill |
| 11:31 | Age | Feudal Age |
| 12:35 | Build | Market |
| 12:41 | Build | Blacksmith |
| 12:59 | Research | Double-Bit Axe |
| 14:34 | Research | Castle Age |
| 14:46 | Build | Farm |
| 14:46 | Build | Farm |
| 14:47 | Build | Farm |
| 14:49 | Build | Farm |
| 15:04 | Research | Gold Mining |
| 16:09 | Create | Villager (Male) |
| 16:10 | Create | Villager (Male) |
| 17:14 | Age | Castle Age |
| 17:19 | Build | Town Center |
| 17:37 | Build | Town Center |
| 17:43 | Create | Villager (Male) |
| 17:44 | Create | Villager (Male) |
| 18:09 | Research | Bow Saw |
| 18:11 | Research | Gold Shaft Mining |
| 18:35 | Create | Villager (Male) |
| 18:40 | Build | Farm |
| 18:47 | Build | Town Center |
| 18:59 | Build | Farm |
| 19:03 | Create | Villager (Male) |
| 19:03 | Create | Villager (Male) |
| 19:16 | Build | House |
| 19:17 | Build | House |
| 19:18 | Build | House |
| 19:20 | Build | House |
| 19:22 | Build | House |
| 19:25 | Create | Villager (Male) |
| 19:25 | Create | Villager (Male) |
| 19:30 | Create | Villager (Male) |
| 19:36 | Build | Farm |
| 19:44 | Build | Farm |
| 19:46 | Create | Villager (Male) |
| 19:52 | Build | Farm |
| 20:02 | Create | Villager (Male) |
| 20:04 | Create | Villager (Male) |
| 20:13 | Create | Villager (Male) |
| 20:35 | Create | Villager (Male) |
| 20:39 | Build | Farm |
| 20:42 | Build | Farm |
| 20:44 | Build | Farm |
| 20:53 | Create | Villager (Male) |
| 20:55 | Create | Villager (Male) |
| 21:03 | Create | Villager (Male) |
| 21:08 | Build | Farm |
| 21:09 | Build | Farm |
| 21:11 | Build | Farm |
| 21:13 | Build | Farm |
| 21:20 | Create | Villager (Male) |
| 21:30 | Create | Villager (Male) |
| 21:34 | Create | Villager (Male) |
| 21:46 | Build | Farm |
| 21:47 | Build | Farm |
| 21:48 | Build | Farm |
| 21:50 | Create | Villager (Male) |
| 22:07 | Build | University |
| 22:13 | Build | Monastery |
| 22:24 | Create | Villager (Male) |
| 22:26 | Create | Villager (Male) |
| 22:29 | Create | Villager (Male) |
| 22:36 | Build | Farm |
| 22:37 | Build | Farm |
| 22:39 | Build | Farm |
| 22:41 | Build | Farm |
| 22:42 | Build | Farm |
| 22:44 | Create | Villager (Male) |
| 22:49 | Create | Villager (Male) |
| 22:52 | Create | Villager (Male) |
| 22:57 | Create | Villager (Male) |
| 23:02 | Build | Farm |
| 23:11 | Create | Villager (Male) |
| 23:19 | Create | Villager (Male) |
| 23:23 | Create | Villager (Male) |
| 23:31 | Create | Villager (Male) |
| 23:31 | Create | Villager (Male) |
| 23:43 | Build | Farm |
| 23:44 | Build | Farm |
| 23:45 | Build | Farm |
| 23:50 | Create | Villager (Male) |
| 23:54 | Create | Villager (Male) |
| 23:57 | Create | Villager (Male) |
| 23:58 | Create | Villager (Male) |
| 24:00 | Create | Villager (Male) |
| 24:14 | Build | Farm |
| 24:16 | Build | Farm |
| 24:17 | Build | Farm |
| 24:19 | Create | Villager (Male) |
| 24:24 | Build | House |
| 24:26 | Build | House |
| 24:27 | Build | House |
| 24:28 | Build | House |
| 24:28 | Build | House |
| 24:29 | Build | House |
| 24:33 | Create | Villager (Male) |
| 24:36 | Create | Villager (Male) |
| 24:37 | Create | Villager (Male) |
| 24:39 | Create | Villager (Male) |
| 24:47 | Build | Farm |
| 24:54 | Build | Farm |
| 24:55 | Build | Farm |
| 24:58 | Create | Villager (Male) |
| 25:01 | Create | Villager (Male) |
| 25:08 | Build | Farm |
| 25:09 | Build | Farm |
Build order — 忒瑞
First 150 of 382 actions detected
| 0:01 | Create | Villager (Male) |
| 0:02 | Create | Villager (Male) |
| 0:02 | Create | Villager (Male) |
| 0:02 | Create | Villager (Male) |
| 0:02 | Create | Villager (Male) |
| 0:05 | Build | House |
| 0:07 | Build | House |
| 1:29 | Create | Villager (Male) |
| 1:29 | Create | Villager (Male) |
| 1:29 | Create | Villager (Male) |
| 2:02 | Create | Villager (Male) |
| 2:02 | Create | Villager (Male) |
| 2:03 | Create | Villager (Male) |
| 2:12 | Build | Lumber Camp |
| 2:27 | Create | Villager (Male) |
| 2:27 | Create | Villager (Male) |
| 2:43 | Create | Villager (Male) |
| 2:43 | Create | Villager (Male) |
| 2:43 | Create | Villager (Male) |
| 3:11 | Create | Villager (Male) |
| 3:11 | Create | Villager (Male) |
| 3:30 | Create | Villager (Male) |
| 3:30 | Create | Villager (Male) |
| 3:30 | Create | Villager (Male) |
| 4:01 | Create | Villager (Male) |
| 4:01 | Create | Villager (Male) |
| 4:02 | Create | Villager (Male) |
| 4:18 | Build | House |
| 4:19 | Build | House |
| 5:05 | Create | Villager (Male) |
| 5:05 | Create | Villager (Male) |
| 5:05 | Create | Villager (Male) |
| 5:21 | Build | Mill |
| 5:36 | Create | Villager (Male) |
| 6:18 | Create | Villager (Male) |
| 6:30 | Create | Villager (Male) |
| 7:14 | Research | Feudal Age |
| 7:34 | Build | House |
| 7:35 | Build | House |
| 8:48 | Build | House |
| 8:49 | Build | House |
| 9:25 | Build | Mining Camp |
| 9:25 | Age | Feudal Age |
| 9:33 | Create | Villager (Male) |
| 9:33 | Create | Villager (Male) |
| 9:34 | Create | Villager (Male) |
| 9:47 | Build | Market |
| 9:58 | Create | Villager (Male) |
| 9:58 | Create | Villager (Male) |
| 10:27 | Build | Blacksmith |
| 11:08 | Create | Villager (Male) |
| 11:08 | Create | Villager (Male) |
| 11:23 | Build | Farm |
| 11:25 | Build | Farm |
| 11:26 | Build | Farm |
| 11:27 | Build | Farm |
| 11:47 | Build | Farm |
| 12:30 | Create | Villager (Male) |
| 12:36 | Build | Farm |
| 12:42 | Build | Farm |
| 12:43 | Build | Farm |
| 12:47 | Create | Villager (Male) |
| 13:21 | Create | Villager (Male) |
| 13:27 | Build | Farm |
| 13:51 | Research | Castle Age |
| 14:04 | Build | Mining Camp |
| 14:17 | Research | Double-Bit Axe |
| 15:10 | Research | Stone Mining |
| 15:16 | Research | Loom |
| 15:18 | Create | Villager (Male) |
| 15:18 | Create | Villager (Male) |
| 16:07 | Create | Villager (Male) |
| 16:07 | Create | Villager (Male) |
| 16:31 | Age | Castle Age |
| 16:59 | Build | Siege Workshop |
| 17:56 | Create | Mangonel |
| 18:02 | Build | Castle |
| 18:13 | Create | Villager (Male) |
| 18:13 | Create | Villager (Male) |
| 18:14 | Create | Villager (Male) |
| 18:14 | Create | Villager (Male) |
| 19:29 | Create | Villager (Male) |
| 19:29 | Create | Villager (Male) |
| 19:29 | Create | Villager (Male) |
| 19:30 | Create | Villager (Male) |
| 19:47 | Research | Gold Mining |
| 19:59 | Build | Town Center |
| 20:17 | Build | Farm |
| 20:17 | Build | Farm |
| 20:17 | Build | Farm |
| 20:17 | Build | Farm |
| 20:18 | Build | Farm |
| 20:18 | Build | Farm |
| 20:18 | Build | Farm |
| 20:19 | Build | Farm |
| 20:19 | Build | Farm |
| 20:23 | Build | Farm |
| 20:45 | Build | Farm |
| 21:23 | Create | Villager (Male) |
| 21:23 | Create | Villager (Male) |
| 21:23 | Create | Villager (Male) |
| 21:23 | Create | Villager (Male) |
| 21:24 | Create | Villager (Male) |
| 21:39 | Build | Town Center |
| 21:42 | Build | Farm |
| 21:53 | Build | Farm |
| 21:56 | Create | Villager (Male) |
| 21:57 | Create | Villager (Male) |
| 22:28 | Build | House |
| 22:29 | Build | House |
| 22:30 | Build | House |
| 22:31 | Build | House |
| 22:51 | Build | Farm |
| 22:51 | Build | Farm |
| 22:57 | Create | Villager (Male) |
| 22:57 | Create | Villager (Male) |
| 22:58 | Create | Villager (Male) |
| 22:58 | Create | Villager (Male) |
| 22:58 | Create | Villager (Male) |
| 23:05 | Build | Farm |
| 23:05 | Build | Farm |
| 23:05 | Build | Farm |
| 23:06 | Build | Farm |
| 23:07 | Build | Farm |
| 23:08 | Build | Farm |
| 23:09 | Build | Farm |
| 23:09 | Build | Farm |
| 23:09 | Build | Farm |
| 23:09 | Build | Farm |
| 23:19 | Create | Villager (Male) |
| 23:20 | Create | Villager (Male) |
| 23:36 | Build | Castle |
| 23:49 | Build | University |
| 24:01 | Research | Fletching |
| 24:05 | Create | Villager (Male) |
| 24:05 | Create | Villager (Male) |
| 24:05 | Create | Villager (Male) |
| 24:05 | Create | Villager (Male) |
| 24:07 | Create | Villager (Male) |
| 24:12 | Build | Farm |
| 24:12 | Build | Farm |
| 24:13 | Build | Farm |
| 24:13 | Build | Farm |
| 24:13 | Build | Farm |
| 24:13 | Build | Farm |
| 24:14 | Build | Farm |
| 24:14 | Build | Farm |
| 24:14 | Build | Farm |
| 24:15 | Build | Farm |
| 24:15 | Build | Farm |
Match timeline
| 9:25 | 忒瑞 · age_up feudal |
| 10:22 | jahlem · age_up feudal |
| 10:34 | 月がきれいですね · age_up feudal |
| 10:37 | alterg27 · age_up feudal |
| 10:49 | ICI1090 · age_up feudal |
| 11:31 | 罗添添 · age_up feudal |
| 11:54 | alterg27 · first_building Barracks |
| 12:05 | 90_Archer · age_up feudal |
| 13:45 | 90_Archer · first_market_sell 100 food |
| 13:59 | 月がきれいですね · age_up castle |
| 15:15 | 罗添添 · first_market_buy 100 wood |
| 15:34 | T.S | Mo · age_up feudal |
| 15:57 | jahlem · first_building Barracks |
| 16:27 | 90_Archer · age_up castle |
| 16:31 | 忒瑞 · age_up castle |
| 16:33 | ICI1090 · first_building Barracks |
| 16:59 | 忒瑞 · first_building Siege Workshop |
| 17:14 | 罗添添 · age_up castle |
| 17:24 | T.S | Mo · wall_segment Stone Wall x9 |
| 17:26 | T.S | Mo · wall_segment Stone Wall x21 |
| 17:51 | ICI1090 · age_up castle |
| 17:53 | 忒瑞 · first_market_sell 100 wood |
| 18:02 | 忒瑞 · first_building Castle |
| 18:16 | jahlem · age_up castle |
| 18:53 | 90_Archer · first_market_buy 100 stone |
| 18:58 | 90_Archer · first_building Castle |
| 19:30 | 月がきれいですね · first_building Monastery |
| 20:38 | jahlem · first_building Monastery |
| 22:13 | 罗添添 · first_building Monastery |
| 22:48 | T.S | Mo · tribute_sent a jugador 2 |
| 22:48 | T.S | Mo · tribute_sent a jugador 3 |
| 22:48 | T.S | Mo · tribute_sent a jugador 4 |
| 22:48 | T.S | Mo · tribute_sent a jugador 5 |
| 22:48 | T.S | Mo · tribute_sent a jugador 6 |
| 22:48 | T.S | Mo · tribute_sent a jugador 7 |
| 22:48 | T.S | Mo · tribute_sent a jugador 8 |
| 23:28 | alterg27 · age_up castle |
| 23:48 | jahlem · first_building Castle |
| 23:56 | ICI1090 · first_building Castle |
| 24:02 | alterg27 · first_building Siege Workshop |
| 24:16 | jahlem · wall_segment Palisade Wall x1 |
| 24:22 | jahlem · wall_segment Palisade Wall x10 |
| 24:31 | 月がきれいですね · first_building Castle |
| 25:11 | jahlem · first_building Siege Workshop |
| 25:14 | 90_Archer · first_building Siege Workshop |
| 25:56 | 罗添添 · first_building Barracks |
| 26:10 | 90_Archer · first_building Monastery |
| 26:14 | T.S | Mo · wall_segment Stone Wall x10 |
| 26:19 | 忒瑞 · first_building Barracks |
| 26:20 | T.S | Mo · wall_segment Stone Wall x31 |
| 26:22 | T.S | Mo · wall_segment Stone Wall x4 |
| 26:39 | 月がきれいですね · first_building Barracks |
| 26:43 | ICI1090 · first_building Siege Workshop |
| 26:56 | jahlem · wall_segment Palisade Wall x4 |
| 27:09 | 月がきれいですね · first_building Stable |
| 27:32 | 罗添添 · first_building Stable |
| 27:56 | T.S | Mo · age_up castle |
| 28:33 | T.S | Mo · first_building Monastery |
| 28:35 | 罗添添 · first_building Castle |
| 28:53 | T.S | Mo · first_building Castle |
| 30:02 | 月がきれいですね · age_up imperial |
| 30:56 | alterg27 · wall_segment Stone Wall x10 |
| 31:06 | 罗添添 · age_up imperial |
| 32:01 | 罗添添 · first_market_sell 500 stone |
| 32:01 | 忒瑞 · first_building Monastery |
| 32:04 | T.S | Mo · first_building Barracks |
| 32:16 | alterg27 · first_building Castle |
| 32:36 | 罗添添 · first_building Archery Range |
| 33:00 | ICI1090 · first_building Monastery |
| 33:00 | 忒瑞 · first_building Archery Range |
| 33:28 | jahlem · first_building Archery Range |
| 33:46 | 月がきれいですね · first_building Siege Workshop |
| 34:02 | T.S | Mo · first_building Stable |
| 34:11 | 忒瑞 · age_up imperial |
| 34:28 | T.S | Mo · age_up imperial |
| 34:37 | T.S | Mo · wall_segment Stone Wall x7 |
| 34:51 | T.S | Mo · wall_segment Stone Wall x11 |
| 34:53 | jahlem · age_up imperial |
| 35:05 | ICI1090 · age_up imperial |
| 35:42 | 90_Archer · first_building Barracks |
| 36:41 | 90_Archer · first_building Stable |
| 36:50 | jahlem · wall_segment Stone Wall x18 |
| 37:16 | alterg27 · age_up imperial |
| 37:43 | alterg27 · wall_segment Stone Wall x8 |
| 38:04 | jahlem · first_market_sell 100 wood |
| 38:45 | 90_Archer · age_up imperial |
| 46:51 | 90_Archer · resign |
[ AI ANALYSIS · 1 CREDIT ]
What really happened in this match?
Wolo.gg analyzes every decision: build order, eco, micro, common mistakes by bracket. Personalized analysis on WhatsApp or Discord in 30 seconds.
Civ guide
Saracens
Perfil
Jugador #4112003